 Dungeon Crawl Stone Soup version 0.24.1-8-ga250c9d538 (webtiles) character file.

Game seed: 6823985141323774352, levelgen mode: deterministic

333 Hugehornet the Changer (level 6, -7/41 HPs)
             Began as an Octopode Transmuter on May 4, 2020.
             Killed by nerve-wracking pain
             ... invoked by Grinder
              (9 damage)
             ... on level 3 of the Dungeon.
             The game lasted 00:04:59 (2465 turns).

Hugehornet the Changer (Octopode Transmuter)        Turns: 2465, Time: 00:04:59

Health: -7/41      AC:  2    Str:  9    XL:     6   Next: 52%
Magic:  6/9        EV: 19    Int: 18    God:
Gold:   156        SH:  0    Dex: 15    Spells: 3/9 levels left

rFire    . . .     SeeInvis .     - Unarmed
rCold    . . .     Gourm    .   (shield currently unavailable)
rNeg     . . .     Faith    .   (helmet currently unavailable)
rPois    x         Spirit   .   (no amulet)
rElec    .         Reflect  .   (no ring)
rCorr    .         Harm     .   (no ring)
MR       .....                  (no ring)
Stlth    +.........             (no ring)
HPRegen  0.13/turn              (no ring)
MPRegen  0.11/turn              (no ring)
                                (no ring)
                                (no ring)

@: spider-form
A: tiny, almost no armour, stealthy swim, (amphibious), 8 rings, (constrict 8),
clumsy 1, deterioration 1, robust 1
a: End Transformation


You were on level 3 of the Dungeon.
You were hungry.
You were a venomous arachnid creature.
You visited 1 branch of the dungeon, and saw 3 of its levels.

You collected 156 gold pieces.

Inventory:

Missiles
 a - 54 arrows
Wands
 m - a wand of random effects (11)
Scrolls
 b - 3 scrolls of teleportation {unknown}
 d - a scroll of blinking {unknown}
 e - 2 scrolls of remove curse {unknown}
 h - a scroll of noise {unknown}
 i - 2 scrolls of amnesia {unknown}
 k - a scroll of fear {unknown}
 l - 2 scrolls of enchant weapon {unknown}
 n - a scroll of fog {unknown}
Potions
 f - a potion of might
 j - a potion of haste {unknown}
Comestibles
 c - 3 rations


   Skills:
 - Level 1.0 Fighting
 - Level 2.0 Dodging
 * Level 3.9 Unarmed Combat
 - Level 2.0 Spellcasting
 * Level 5.9 Transmutations
 + Level 1.8 Poison Magic


You had 3 spell levels left.
You knew the following spells:

 Your Spells              Type           Power        Failure   Level  Hunger
a - Beastly Appendage     Tmut           ###...       7%          1    #......
b - Sticks to Snakes      Tmut           ###.....     10%         2    ###....
c - Spider Form           Tmut/Pois      ###.......   26%         3    ###....

Your spell library contained the following spells:

 Spells                   Type           Power        Failure   Level  Hunger
 Blade Hands              Tmut           ###.......   63%         5    ######.
 Ice Form                 Ice/Tmut       ##......     69%         4    #####..


Dungeon Overview and Level Annotations

Branches:
Dungeon (3/15)

Altars:

Annotations:
D:3 2 runed translucent doors, Grinder; orehx's ghost, amateur MiBe


Innate Abilities, Weirdness & Mutations

You cannot wear most types of armour.
You are very stealthy in the water. (Stealth+)
((You are amphibious.))
You can wear up to eight rings at the same time.
((You can use your tentacles to constrict eight enemies at once.))
((Your skin changes colour to match your surroundings (Stealth+).))
((Your rubbery body absorbs attacks. (AC +1, EV +1)))
You are clumsy. (Dex -2)
Your body sometimes deteriorates upon taking damage.
You are robust. (+10% HP)


Message History

You butcher the rat corpse.
Things that are here:
a chunk of flesh; a rat skeleton Grinder shouts!
Grinder says, "Tell me all your secrets, or I'll kill you."
Casting: Beastly Appendage (safe; 1% risk of failure)
Confirm with . or Enter, or press ? or * to list all spells.
Your tentacle spike disappears.
You turn into a venomous arachnid creature.
Grinder drinks a potion.
Grinder flickers and vanishes!
Deactivating autopickup; reactivate with Ctrl-A.
Something hits you!
You writhe in agony.
You barely miss something. Something hits you!
* * * LOW HITPOINT WARNING * * *
You writhe in agony.
* * * LOW HITPOINT WARNING * * *
It was a potion of mutation.
You feel extremely strange.
You feel clumsy.
You feel yourself wasting away.
You feel robust. Pain shoots through your body!
You die...

..).....#...≈≈#.(...........#..##
........#≈..###...........# .../
........#≈##.##.......#######.#.#
........#######5....).#..........
.........##.# ##.##..##.....K....
#..###...##.####.##.#)#........>.
..###...........###.#...........>
..##.>........###...##....<......
. #.........###.s{?..##.......#..
#.....#####........##.......#
#...###.....%.......#.......#
#.###...##..........##..#.#...
### #..=?.......#.. ....##
##..........##. K# #.
#...........#. .. .. ##........#.
#......###


There were no monsters in sight!

Vanquished Creatures
  Sigmund (D:3)
  An ogre (D:2)
  Ijyb (D:3)
  2 adders (D:2)
  A dart slug (D:2)
  2 leopard geckos (D:2)
  A ball python (D:2)
  A giant cockroach (D:2)
  3 goblins (D:2)
  7 hobgoblins
  2 quokkas
  4 bats
  2 frilled lizards
  5 kobolds
  2 rats
35 creatures vanquished.

Notes
Turn   | Place    | Note
-------+----------+-------------------------------------------
     0 | D:1      | Hugehornet the Octopode Transmuter began the quest for the
                  | Orb.
     0 | D:1      | Reached XP level 1. HP: 13/13 MP: 3/3
   552 | D:2      | Noticed an ogre
   592 | D:2      | Reached XP level 2. HP: 5/18 MP: 3/5
   596 | D:2      | Learned a level 2 spell: Sticks to Snakes
   668 | D:2      | Reached skill level 3 in Transmutations
   944 | D:2      | Reached XP level 3. HP: 16/23 MP: 6/6
   949 | D:2      | Learned a level 3 spell: Spider Form
  1754 | D:2      | Reached skill level 4 in Transmutations
  1885 | D:2      | Killed an ogre
  1885 | D:2      | Reached skill level 5 in Transmutations
  1885 | D:2      | Reached XP level 4. HP: 10/28 MP: 3/7
  1885 | D:2      | Reached XP level 5. HP: 12/33 MP: 3/8
  2135 | D:3      | Noticed Grinder
  2164 | D:3      | Found a large runed translucent door.
  2164 | D:3      | Found a large runed translucent door.
  2164 | D:3      | Noticed Ijyb
  2175 | D:3      | Killed Ijyb
  2241 | D:3      | Noticed orehx's ghost (amateur MiBe)
  2278 | D:3      | Noticed Sigmund
  2293 | D:3      | Killed Sigmund
  2293 | D:3      | Reached skill level 1 in Poison Magic
  2293 | D:3      | Reached XP level 6. HP: 28/38 MP: 6/9
  2465 | D:3      | Gained mutation: You are clumsy. (Dex -2) [potion of
                  | mutation]
  2465 | D:3      | Gained mutation: Your body sometimes deteriorates upon
                  | taking damage. [potion of mutation]
  2465 | D:3      | Gained mutation: You are robust. (+10% HP) [potion of
                  | mutation]
  2465 | D:3      | Killed from afar by Grinder

Levels and vault maps discovered:
D:1:      roderic_crop_circles_arrival_small, layout_loops_ring
D:2:      minmay_evil_eye, layout_loops_ring, amethyst_killhole
D:3:      minmay_skewed_foursquare, layout_rooms, ebering_ghost_disaster_area,
          elyvilon_altar_5, uniq_grinder, uniq_terence, uniq_ijyb, uniq_sigmund,
          uniq_crazy_yiuf_cottage

Skill      XL: |  1  2  3  4  5 |
---------------+----------------+-----
Transmutations | 3 5 |  5.9
Poison Magic   | 1 |  1.8
Fighting       | |  1.0
Dodging        | |  2.0
Unarmed Combat | |  3.9
Spellcasting   | |  2.0

Action                   |  1- 3 |  4- 6 || total
-------------------------+-------+-------++-------
Melee: Unarmed           |    68 |    28 ||    96
       Constrict         |    18 |     3 ||    21
       Kick              |    14 |     1 ||    15
       Tentacles         |     6 |       ||     6
       Punch             |     1 |     1 ||     2
 Cast: Beastly Appendage |    19 |     4 ||    23
       Spider Form       |     1 |     3 ||     4
 Abil: End Transformatio |       |     1 ||     1
  Use: Potion            |       |     1 ||     1
 Stab: Sleeping          |     6 |       ||     6
  Eat: Chunk             |     3 |     2 ||     5
Armor: Skin              |     1 |     2 ||     3
Dodge: Dodged            |    36 |    34 ||    70
